 Dungeon Crawl Stone Soup version 0.29-a0-653-gd47aff6735 (webtiles) character file.

Game seed: 11781225374513457936

5209 DocClef the Fighter (level 10, -3/83 HPs)
             Began as a Formicid Fighter on June 21, 2022.
             Was a Follower of Hepliaklqana.
             Slain by a nine-headed hydra (12 damage)
             ... on level 9 of the Dungeon.
             The game lasted 00:08:29 (9330 turns).

DocClef the Fighter (Formicid Fighter)              Turns: 9330, Time: 00:08:30

Health: -3/83      AC: 17    Str: 25    XL:     10   Next: 91%
Magic:  0/10       EV: 10    Int:  8    God:    Hepliaklqana [*.....]
Gold:   604        SH:  5    Dex: 13    Spells: 9/9 levels left

rFire   . . .      SeeInvis +   m - +2 halberd (freeze)
rCold   . . .      Faith    .   c - +0 buckler
rNeg    . . .      Spirit   +   k - +1 plate armour
rPois   .          Reflect  .   (helmet unavailable)
rElec   .          Harm     .   (no cloak)
rCorr   .          Rampage  .   (no gloves)
Will    +....                   w - +0 pair of boots
Stlth   ..........              j - amulet of guardian spirit
HPRegen 0.23/turn               h - +4 ring of evasion
MPRegen 0.12/turn               o - +4 ring of protection

@: no status effects
A: reduced essence, permanent stasis, dig shafts and tunnels, antennae 3, four
strong arms
a: Dig, Shaft Self, Renounce Religion, Recall Ancestor, Ancestor Identity


You were on level 9 of the Dungeon.
You worshipped Hepliaklqana.
Hepliaklqana was aware of your devotion.
You visited 2 branches of the dungeon, and saw 10 of its levels.

You collected 604 gold pieces.

Inventory:

Hand Weapons
 a - a +1 war axe
 m - a +2 halberd of freezing (weapon)
Missiles
 b - 4 throwing nets
Armour
 c - a +0 buckler (worn)
 k - a +1 plate armour (worn)
 w - a +0 pair of boots (worn)
Jewellery
 h - a +4 ring of evasion (left hand)
 j - an amulet of guardian spirit (around neck)
 n - a ring of ice
 o - a +4 ring of protection (right hand)
 u - a ring of wizardry
Wands
 f - a wand of polymorph (2)
 t - a wand of quicksilver (3)
 v - a wand of charming (9)
Scrolls
 g - 5 scrolls of identify
 l - 2 scrolls of teleportation
 q - 2 scrolls of fog
 r - 3 scrolls of enchant armour
Potions
 d - 2 potions of might
 e - 3 potions of curing
 i - a potion of resistance {unknown}
 p - a potion of heal wounds
 s - a potion of invisibility {unknown}


   Skills:
 + Level 13.8 Fighting
 - Level 9.4 Axes
 - Level 3.2 Armour
 - Level 4.0 Shields


You had 9 spell levels left.
You didn't know any spells.
Your spell library contained the following spells:

 Spells                   Type           Power      Damage    Failure   Level
 Magic Dart               Conj           0%         1d3       100%        1
 Ensorcelled Hibernation  Hex/Ice        0%         N/A       100%        2
 Searing Ray              Conj           0%         2d4       100%        2
 Static Discharge         Conj/Air       0%         N/A       100%        2
 Spider Form              Tmut/Pois      0%         N/A       100%        3
 Anguish                  Hex/Necr       0%         N/A       100%        4
 Dispel Undead            Necr           0%         3d6       100%        4
 Fulminant Prism          Conj/Hex       0%         3d6       100%        4
 Sticky Flame             Conj/Fire      0%         2d3       100%        4
 Fireball                 Conj/Fire      0%         3d3       100%        5
 Starburst                Conj/Fire      0%         6d3       100%        6
 Ignition                 Fire           0%         3d3       100%        8


Dungeon Overview and Level Annotations

Branches:
Dungeon (9/15)             Temple (1/1) D:6
   Lair: D:8-11         Orc: D:9-12

Altars:
Ashenzari
Cheibriados
Dithmenos
Elyvilon
Fedhas
Gozag
Hepliaklqana
Kikubaaqudgha
Makhleb
Nemelex Xobeh
Okawaru
Qazlal
Ru
Sif Muna
Trog
Uskayaw
Vehumet
Wu Jian
Xom
Yredelemnul
Zin
The Shining One

Shops:
D:7 [


Innate Abilities, Weirdness & Mutations

Your life essence is reduced to manifest your ancestor. (-10% HP)
You cannot be hasted, slowed, berserked, paralysed or teleported.
You can dig through walls and to a lower floor.
You have a pair of large antennae on your head. (SInv)
Your four strong arms can wield two-handed weapons with a shield.


Message History

The nine-headed hydra closely misses you.
The nine-headed hydra bites you but does no damage.
The nine-headed hydra closely misses you.
Aiming: Polymorph
Press: ? - help, Shift-Dir - straight line, f/p - nine-headed hydra
Aim: a nine-headed hydra (moderately wounded, will become an ice dragon, an alligator, or a quicksilver ooze, chance to affect: 17%)
The nine-headed hydra resists with almost no effort.
You block the nine-headed hydra's attack.
The nine-headed hydra bites you.
The nine-headed hydra closely misses you.
The nine-headed hydra bites you! The nine-headed hydra bites you.
The nine-headed hydra barely misses you.
The nine-headed hydra bites you.
The nine-headed hydra bites you but does no damage.
The nine-headed hydra closely misses you.
Aiming: Charm
Press: ? - help, Shift-Dir - straight line, f/p - nine-headed hydra
Aim: a nine-headed hydra (moderately wounded, chance to affect: 17%)
The nine-headed hydra resists with almost no effort.
The nine-headed hydra closely misses you.
The nine-headed hydra bites you but does no damage. x3
You block the nine-headed hydra's attack.
The nine-headed hydra bites you.
The nine-headed hydra bites you but does no damage.
The nine-headed hydra bites you.
* * * LOW HITPOINT WARNING * * *
The nine-headed hydra bites you but does no damage.
Aiming: Charm
Press: ? - help, Shift-Dir - straight line, f/p - nine-headed hydra
Aim: a nine-headed hydra (moderately wounded, chance to affect: 17%)
The nine-headed hydra resists with almost no effort.
The nine-headed hydra barely misses you.
The nine-headed hydra bites you!
* * * LOW HITPOINT WARNING * * *
The nine-headed hydra bites you!
* * * LOW HITPOINT WARNING * * *
The nine-headed hydra barely misses you.
The nine-headed hydra closely misses you.
The nine-headed hydra bites you!
You die...

.## . ... .
..#.# ..#.##.
####.......
#........
#####.##).#.$##
#..@DK).....>.#
#.###K##..#...#
#.# #.# ..... .
#.# #.# .##....
#.# #.##.# ...
#.# #..... ..
#.# ###..# .
#.# #.##
######## #.#
#.#


You could see a nine-headed hydra and 2 kobolds.

Vanquished Creatures
  2 two-headed ogres
  2 trolls (D:9)
  A vampire (D:9)
  A wyvern (D:8)
  3 yaks (D:9)
  A shadow (D:8)
  2 water moccasins
  An ice beast (D:7)
  4 ogres
  3 centaurs
  3 kobold brigands
  A bullfrog (D:8)
  A gnoll sergeant (D:8)
  5 scorpions
  4 wights (D:7)
  A howler monkey (D:9)
  2 electric eels (D:7)
  5 hounds
  2 orc priests
  A jelly (D:5)
  5 iguanas
  2 gnoll shamans
  5 orc wizards
  20 gnolls
  6 adders
  A shadow imp (D:8)
  An ufetubus (D:5)
  A worm (D:2)
  2 dart slugs
  26 orcs
  6 endoplasms
  2 giant cockroaches (D:2)
  4 goblins
  6 hobgoblins
  5 jackals (D:1)
  21 kobolds
  2 quokkas
  5 ball pythons
  6 bats
  A frilled lizard (D:2)
  8 rats
180 creatures vanquished.

Vanquished Creatures (collateral kills)
  An orc wizard (D:8)
  A gnoll (D:8)
  2 kobolds (D:9)
4 creatures vanquished.

Vanquished Creatures (others)
  4 ancestors
  14 plants (D:7)
18 creatures vanquished.

Grand Total: 202 creatures vanquished

Notes
Turn   | Place    | Note
-------+----------+-------------------------------------------
     0 | D:1      | DocClef the Formicid Fighter began the quest for the Orb.
     0 | D:1      | Reached XP level 1. HP: 18/18 MP: 1/1
   302 | D:1      | Reached XP level 2. HP: 20/25 MP: 2/2
   439 | D:1      | Reached skill level 4 in Fighting
   743 | D:1      | Reached XP level 3. HP: 27/30 MP: 3/3
  1295 | D:2      | Found an ornate altar of the Wu Jian Council.
  1446 | D:2      | Reached XP level 4. HP: 37/37 MP: 4/4
  1599 | D:2      | Found a faded altar of an unknown god.
  1673 | D:2      | You fall into a shaft and drop 2 floors!
  2014 | D:3      | Reached XP level 5. HP: 42/42 MP: 5/5
  2694 | D:3      | Reached skill level 5 in Axes
  2698 | D:3      | Reached XP level 6. HP: 29/48 MP: 2/6
  3256 | D:4      | Found an iron altar of Okawaru.
  3562 | D:4      | Noticed an ogre
  3569 | D:4      | Killed an ogre
  3570 | D:4      | Reached XP level 7. HP: 11/54 MP: 1/7
  3929 | D:5      | Entered Level 5 of the Dungeon
  4424 | D:5      | Reached XP level 8. HP: 60/60 MP: 8/8
  5185 | D:6      | Reached skill level 5 in Fighting
  5312 | D:6      | Found a staircase to the Ecumenical Temple.
  5335 | Temple   | Entered the Ecumenical Temple
  5425 | Temple   | Became a worshipper of Hepliaklqana the Forgotten
  5954 | D:6      | Reached skill level 6 in Fighting
  6225 | D:7      | Reached XP level 9. HP: 69/70 MP: 9/9
  6544 | D:7      | Reached skill level 7 in Fighting
  6637 | D:7      | Found Gestril's Antique Armour Shop.
  6670 | D:7      | Reached skill level 8 in Fighting
  7577 | D:8      | Reached * piety under Hepliaklqana
  7594 | D:8      | Reached skill level 9 in Fighting
  7594 | D:8      | Noticed a two-headed ogre
  7601 | D:8      | Killed a two-headed ogre
  7602 | D:8      | Reached skill level 10 in Fighting
  7602 | D:8      | Reached XP level 10. HP: 9/77 MP: 1/10
  8072 | D:8      | Reached skill level 11 in Fighting
  8752 | D:9      | Reached skill level 12 in Fighting
  9134 | D:9      | Noticed a two-headed ogre
  9140 | D:9      | Reached skill level 13 in Fighting
  9143 | D:9      | Killed a two-headed ogre
  9315 | D:9      | Noticed an eight-headed hydra
  9330 | D:9      | Slain by a nine-headed hydra

Illustrated notes

Levels and vault maps discovered:
D:1:      shiori_arrival_maze, layout_basic
D:2:      layout_rooms, shapermc_ecumenical_altar_starsandcircs, basic_altar
D:3:      layout_basic, serial_rivers, chequers_serial_rivers_small_3,
          chequers_serial_rivers_large_b, chequers_serial_rivers_micro_d,
          chequers_serial_rivers_micro_c, chequers_serial_rivers_large_a
D:4:      layout_rooms, okawaru_gym_becter, serial_forest,
          infiniplex_forest_lined_room_2, infiniplex_forest_corner_1,
          infiniplex_forest_lined_room_2, infiniplex_forest_clump_curved,
          infiniplex_forest_clump_large, infiniplex_forest_lined_room_3,
          infiniplex_forest_straight_4, infiniplex_forest_lined_4_way
D:5:      layout_loops_ring
D:6:      layout_loops_ring, minmay_temple_entry_mini_moons,
          minmay_splitting_lines
D:7:      layout_loops_corners, serial_shops, shop, serial_bayou_lagoon_b
D:8:      layout_basic, hangedman_decor_opposing, kennysheep_generic_room_4
D:9:      layout_loops_ring, enter_bailey_2, hangedman_corner_corridor
Temple:   mainiacjoe_temple_archimedes_tessellation

Skill      XL: |  1  2  3  4  5  6  7  8  9 10 |
---------------+-------------------------------+-----
Fighting       | 4 6 10 13 | 13.8
Axes           | 3 4 5 6 8 9 |  9.4
Armour         | |  3.2
Shields        | |  4.0

Action                   |  1- 3 |  4- 6 |  7- 9 | 10-12 || total
-------------------------+-------+-------+-------+-------++-------
Melee: War axe           |   111 |   123 |   200 |       ||   434
       Halberd           |       |       |    44 |   129 ||   173
 Abil: Dig               |       |     1 |       |       ||     1
Evoke: Wand              |       |       |       |     7 ||     7
  Use: Scroll            |     4 |     6 |     1 |     1 ||    12
       Potion            |     7 |       |     1 |     1 ||     9
 Stab: Distracted        |       |       |       |     1 ||     1
Armor: Scale mail        |    46 |     9 |       |       ||    55
       Plate armour      |       |    44 |    78 |    83 ||   205
Dodge: Dodged            |    77 |    64 |   100 |    85 ||   326
Block: Buckler           |    37 |    30 |    48 |    35 ||   150

Table legend: (Time is in decaauts)
 A = Elapsed time spent in this place.
 B = Non-inter-level travel time spent in this place.
 C = Inter-level travel time spent in this place.
 D = Time resting spent in this place.
 E = Time spent auto-exploring this place.
 F = Levels seen in this place.
 G = Mean time per level.
                   A        B        C        D        E       F      G
               +--------+--------+--------+--------+--------+-----+--------+
         Total |   9548 |   9228 |    320 |    972 |   6804 |  10 |  954.8 |
       Dungeon |   9307 |   9037 |    270 |    972 |   6637 |   9 | 1034.1 |
        Temple |    240 |    190 |     50 |      0 |    167 |   1 |  240.0 |
               +--------+--------+--------+--------+--------+-----+--------+

Top non-repeatable levels by time:
     D:7: 1764 daAuts
     D:3: 1349 daAuts
     D:1: 1188 daAuts
     D:5: 1120 daAuts
     D:8: 896 daAuts
     D:6: 869 daAuts
     D:4: 788 daAuts
     D:2: 744 daAuts
     D:9: 585 daAuts
  Temple: 240 daAuts
